 Dungeon Crawl Stone Soup version 0.28.0-53-g5a82cb258f (webtiles) character file.

Game seed: 16963376473607139458

61 eooof the Skirmisher (level 3, -6/31 HPs)
             Began as a Demonspawn Chaos Knight on June 29, 2022.
             Was a Plaything of Xom.
             Mangled by an ogre
             ... wielding a +0 giant club
              (12 damage)
             ... on level 3 of the Dungeon.
             The game lasted 00:12:23 (1915 turns).

eooof the Skirmisher (Demonspawn Chaos Knight)      Turns: 1915, Time: 00:12:24

Health: -6/31      AC:  8    Str: 14    XL:     3   Next: 83%
Magic:  3/3        EV: 10    Int: 13    God:    Xom [..*...]
Gold:   60         SH:  0    Dex: 12    Spells: 2/2 levels left

rFire   . . .      SeeInvis .   a - +0 falchion (chaos)
rCold   . . .      Faith    .   (no shield)
rNeg    + . .      Spirit   .   g - +0 ring mail
rPois   .          Reflect  .   e - +0 helmet
rElec   .          Harm     .   (no cloak)
rCorr   .          Rampage  .   (no gloves)
Will    .....                   (no boots)
Stlth   +.........              (no amulet)
HPRegen 0.10/turn               c - ring of positive energy
MPRegen 0.08/turn               (no ring)

@: brilliant
A: yellow scales 1, demonic guardian 1
a: Renounce Religion


You were on level 3 of the Dungeon.
You worshipped Xom.
You were a toy of Xom.
You visited 1 branch of the dungeon, and saw 3 of its levels.

You collected 60 gold pieces.

Inventory:

Hand Weapons
 a - a +0 falchion of chaos (weapon)
Armour
 b - a +2 leather armour
 e - a +0 helmet (worn)
 g - a +0 ring mail (worn)
Magical Staves
 f - a staff of conjuration
Jewellery
 c - a ring of positive energy (left hand)
Scrolls
 i - a scroll of summoning
Potions
 d - a potion of attraction


   Skills:
 * Level 4.7 Fighting
 - Level 2.7 Long Blades
 - Level 1.8 Armour
 - Level 1.0 Dodging


You had 2 spell levels left.
You didn't know any spells.
Your spell library contained the following spells:

 Spells                   Type           Power      Damage    Failure   Level
 Animate Skeleton         Necr           0%         N/A       52%         1
 Apportation              Tloc           0%         N/A       52%         1
 Summon Small Mammal      Summ           0%         N/A       52%         1


Dungeon Overview and Level Annotations

Branches:
Dungeon (3/15)

Altars:


Innate Abilities, Weirdness & Mutations

You are partially covered in yellow scales. (AC +2)
A weak demonic guardian rushes to your aid.


Message History

The ball python constricts you.
You hit the ball python.
The ball python is severely wounded.
The ball python bites you. The ball python constricts you.
You slash the ball python!
You kill the ball python!
You see here a ball python corpse.
You don't know any spells.
You see here a ball python corpse.
Save game and exit?
Okay, then.
Char dumped successfully.
Your movement speed is average.
Your attack delay is about 1.1.
Annotate which branch? (. - D:3, ? - help, ! - show branch list)
Okay, then.
You have 60 gold pieces.
You start resting.
HP restored.
You start waiting.
Xom makes a sudden noise!
You hear a hideous screaming!
You are now a toy of Xom.
You hear a shout!
An ogre opens the door.
The ogre shouts!
The ogre hits you with a +0 giant club.
There is an open door here. "Go forth and destroy!"
You feel clever all of a sudden. The ogre hits you with a +0 giant club.
You barely miss the ogre.
The ogre hits you with a +0 giant club!!
Ouch! That really hurt!
* * * LOW HITPOINT WARNING * * *
A shower of butterflies erupts from you!
A demonic guardian appears!
You hit the ogre.
The ogre is lightly wounded.
The ogre hits you with a +0 giant club!
You die...
Xom snickers!

..#.##.....## ### #.#
#.#.#.......## ##.###.#
...........†####...##.##
............'...........
.##.........####...##.##
##.......## ##.###.#
##....b## ### #.#
##...## #.# #####@## #[#
#..bO.# #.# #...5b# ...
........# #.#...... #
#...... ###.b... ###..#
#..#


You could see an ogre (ally target) and a friendly shadow imp (summoned).

Vanquished Creatures
  A gnoll (D:1)
  A worm (D:2)
  4 ball pythons
  4 endoplasms
  3 giant cockroaches (D:1)
  4 goblins (D:1)
  A hobgoblin (D:1)
  A quokka (D:1)
  A bat (D:1)
  3 frilled lizards
  2 kobolds
  5 rats (D:1)
30 creatures vanquished.

Vanquished Creatures (collateral kills)
  An adder (D:2)
  2 endoplasms (D:1)
  A frilled lizard (D:1)
  A kobold (D:2)
  3 rats (D:1)
8 creatures vanquished.

Vanquished Creatures (others)
  7 plants (D:1)
7 creatures vanquished.

Grand Total: 45 creatures vanquished

Notes
Turn   | Place    | Note
-------+----------+-------------------------------------------
     0 | D:1      | eooof the Demonspawn Chaos Knight began the quest for the
                  | Orb.
     0 | D:1      | Reached XP level 1. HP: 18/18 MP: 1/1
    71 | D:1      | XOM: divination: detect items
    94 | D:1      | Reached skill level 1 in Dodging
   277 | D:1      | Gained mutation: A weak demonic guardian rushes to your
                  | aid. [demonic ancestry]
   277 | D:1      | Reached XP level 2. HP: 14/24 MP: 2/2
   451 | D:1      | XOM: silly message
   746 | D:1      | XOM: silly message
   815 | D:1      | Reached skill level 4 in Fighting
   948 | D:1      | Gained mutation: You are partially covered in yellow
                  | scales. (AC +2) [demonic ancestry]
   948 | D:1      | Reached XP level 3. HP: 25/30 MP: 3/3
   972 | D:1      | Found a faded altar of an unknown god.
   972 | D:1      | XOM: 3-stop teleportation journey
  1407 | D:1      | XOM: noise
  1906 | D:3      | XOM: noise
  1911 | D:3      | Noticed an ogre
  1912 | D:3      | XOM: potion effect (brilliance)
  1913 | D:3      | XOM: butterfly on damage
  1915 | D:3      | Mangled by an ogre

Illustrated notes

Levels and vault maps discovered:
D:1:      amcnicky_arrival_choice, layout_basic,
          ebering_ecumenical_altar_sacrificial, minivault_4,
          serial_bayou_ford_a, st_stairs_5, minmay_rat_gold_closets
D:2:      layout_loops_ring, basic_altar
D:3:      layout_loops_corners

Skill      XL: |  1  2 |
---------------+-------+-----
Dodging        | 1 |  1.0
Fighting       | 4 |  4.7
Long Blades    | |  2.7
Armour         | |  1.8

Action                   || total
-------------------------++-------
Melee: Falchion          ||   119
       Punch             ||     2
  Use: Scroll            ||     3
       Potion            ||     3
Armor: Leather armour    ||    74
       Ring mail         ||    20
Dodge: Dodged            ||    81
